 Dungeon Crawl Stone Soup version 0.31-a0-986-g5e6e4ef867 (webtiles) character file.

Game seed: 333069479723452859

43449 croobank the Grappler (level 14, -1/109 HPs)
             Began as a Gnoll Shapeshifter on Nov 21, 2023.
             Was an Initiate of Gozag.
             Slain by a cane toad (7 damage)
             ... on level 3 of the Lair of Beasts on Nov 22, 2023.
             The game lasted 01:13:43 (25776 turns).

croobank the Grappler (Gnoll Shapeshifter)         Turns: 25776, Time: 01:13:43

Health: -1/109     AC: 10    Str: 13    XL:     14   Next: 24%
Magic:  19/27      EV: 17    Int: 19    God:    Gozag
Gold:   3903       SH:  5    Dex: 16    Spells: 9/31 levels left

rFire   . .          .
                       - Unarmed
rCold   . . .        (shield currently unavailable)
rNeg    + + .        z - +3 leather armour {rPois}
rPois   +            (no helmet)
rElec   .            H - +2 ratskin cloak {*Rats rPois rN+ Str-1 Int-1 Dex+1}
rCorr   .            (no gloves)
SInv    .            (no boots)
Will    ++...        X - amulet of Pustroiji {Reflect rN+ Dex+3 SH+5}
Stlth   ++           i - ring of willpower
HPRegen 0.38/turn    q - +6 ring of intelligence
MPRegen 0.20/turn

%: reflection
@: lethally poisoned (-1 -> -5), about to teleport, flux-form, glowing
A: glow, contaminating, fangs 1, strong nose, distributed training
a: Begin Untransformation, Renounce Religion, Potion Petition, Call Merchant,
Bribe Branch


You were on level 3 of the Lair of Beasts.
You worshipped Gozag.
Gozag was most pleased with you.
You were something dangerously unstable.
You visited 2 branches of the dungeon, and saw 17 of its levels.

You collected 4315 gold pieces.
You spent 308 gold pieces at shops.
You paid 104 gold pieces to Gozag.

Inventory:

Hand Weapons
 h - a +3 short sword of venom
 s - a +0 war axe of freezing
 M - a +0 broad axe
 R - a +3 short sword of freezing
 S - a +5 scimitar
 V - a +3 scimitar of flaming
Missiles
 f - 6 boomerangs
 A - 4 silver javelins
 I - 5 atropa-tipped darts
 W - 2 throwing nets (quivered)
Armour
 z - a +3 leather armour of poison resistance (worn)
 B - a +1 pair of boots
 H - the +2 ratskin cloak (worn) {*Rats rPois rN+ Str-1 Int-1 Dex+1}
   (You found it on level 6 of the Dungeon)

   *Rats:     When the wearer is hurt, rats may emerge from it to assist them.
   Str-1:     It affects your strength (-1).
   Int-1:     It affects your intelligence (-1).
   Dex+1:     It affects your dexterity (+1).
   rPois:     It protects you from poison rN+: It protects you from negative
   energy.
 O - an orb of light
 P - a +2 pair of gloves
 Q - a +1 helmet
Jewellery
 i - a ring of willpower (left hand)
 q - a +6 ring of intelligence (right hand)
 t - a ring of magical power
 T - a ring of ice
 X - the amulet of Pustroiji (around neck) {Reflect rN+ Dex+3 SH+5}
   (You found it on level 9 of the Dungeon)

   [amulet of reflection]

   Reflect:   It reflects blocked missile attacks.
   Dex+3:     It affects your dexterity (+3).
   rN+:       It protects you from negative energy.
   SH+5:      It affects your SH (+5).
Talismans
 c - a beast talisman
 d - a flux talisman (active)
 k - a serpent talisman
Wands
 l - a wand of iceblast (25)
 n - a wand of acid (9)
 u - a wand of mindburst (9)
 y - a wand of flame (31)
 D - a wand of charming (11)
 N - a wand of digging (5)
Scrolls
 a - 4 scrolls of identify
 g - 2 scrolls of vulnerability
 r - 2 scrolls of torment
 x - a scroll of amnesia
 C - 5 scrolls of teleportation
 F - a scroll of poison
 J - 2 scrolls of fog
 L - 2 scrolls of noise
 U - 3 scrolls of silence
Potions
 b - 3 potions of lignification
 e - a potion of resistance
 j - 2 potions of mutation
 o - a potion of haste
 p - 4 potions of curing
 v - 3 potions of brilliance
 w - 2 potions of attraction
 G - 5 potions of magic
 K - a potion of might


   Skills:
 + Level 9.7 Fighting
 + Level 9.3 Short Blades
 + Level 9.3 Long Blades
 + Level 9.3 Axes
 + Level 9.3 Maces & Flails
 + Level 9.3 Polearms
 + Level 9.3 Staves
 + Level 9.3 Ranged Weapons
 + Level 9.3 Throwing
 + Level 9.3 Armour
 + Level 10.4 Dodging
 + Level 9.3 Stealth
 + Level 9.3 Shields
 + Level 11.3 Unarmed Combat
 + Level 9.3 Spellcasting
 + Level 7.7 Conjurations
 + Level 7.7 Hexes
 + Level 7.7 Summonings
 + Level 7.7 Necromancy
 + Level 7.7 Translocations
 + Level 7.7 Transmutations
 + Level 7.7 Fire Magic
 + Level 7.7 Ice Magic
 + Level 7.7 Air Magic
 + Level 7.7 Earth Magic
 + Level 7.7 Poison Magic
 + Level 10.1 Invocations
 + Level 9.3 Evocations
 + Level 10.7 Shapeshifting


You had 9 spell levels left.
You knew the following spells:

 Your Spells              Type           Power      Damage    Failure   Level
a - Slow                  Hex            100%       N/A       1%          1
b - Confusing Touch       Hex            38%        N/A       1%          3
c - Ozocubu's Armour      Ice            38%        N/A       1%          3
d - Frozen Ramparts       Ice            76%        1d12      1%          3
e - Summon Lightning Spi  Summ/Air       38%        N/A       3%          4
f - Summon Ice Beast      Ice/Summ       38%        N/A       3%          4
g - Airstrike             Air            19%        2d(3-19)  3%          4

Your spell library contained the following spells:

 Spells                   Type           Power      Damage    Failure   Level
 Apportation              Tloc           76%        N/A       1%          1
 Freeze                   Ice            100%       1d10      1%          1
 Necrotise                Necr           100%       1d9       1%          1
 Summon Small Mammal      Summ           100%       N/A       1%          1
 Ensorcelled Hibernation  Hex/Ice        76%        N/A       1%          2
 Lesser Beckoning         Tloc           76%        N/A       1%          2
 Passwall                 Tmut/Erth      31%        N/A       1%          2
 Static Discharge         Conj/Air       76%        3-7/arc   1%          2
 Gell's Gravitas          Tloc           38%        N/A       1%          3
 Hailstorm                Conj/Ice       38%        3d9       1%          3
 Sigil of Binding         Hex            38%        N/A       1%          3
 Swiftness                Air            38%        N/A       1%          3
 Teleport Other           Tloc           38%        N/A       1%          3
 Vampiric Draining        Necr           38%        2d8       1%          3
 Animate Armour           Summ/Erth      76%        N/A       3%          4
 Olgreb's Toxic Radiance  Pois           38%        N/A       3%          4
 Petrify                  Tmut/Erth      38%        N/A       3%          4
 Lee's Rapid Deconstruct  Erth           19%        3d11*     11%         5
 Metabolic Englaciation   Hex/Ice        19%        N/A       11%         5
 Discord                  Hex            19%        N/A       100%        8
 Ignition                 Fire           19%        3d7       100%        8
 Simulacrum               Ice/Necr       Unusable   N/A       N/A         6

Dungeon Overview and Level Annotations

Branches:
Dungeon (13/15)            Temple (0/1) D:7            Lair (4/5) D:10
 Shoals (0/4) Lair:3        Snake (0/4) Lair:3          Orc (0/2) D:9
  Slime: Lair:4-5    Vaults: D:13-14

Altars:
Dithmenos
Elyvilon
Fedhas
Gozag
Hepliaklqana
Kikubaaqudgha
Okawaru
Ru
Uskayaw
Vehumet
Xom
Yredelemnul
Zin
Jiyva

Shops:
D:1 !

Annotations:
D:6 3 runed translucent doors, GreenGuy14's ghost, novice DrEE; Sirjeffry24's ghost, novice DrSh; Sundig's ghost, novice VSFi; wireframewife's ghost, novice GnWr; ytrimaz's ghost, novice OpSh
Lair:1 3 runed translucent doors, gebbletook2's ghost, journeyman OpSh


Innate Abilities, Weirdness & Mutations

You are something dangerously unstable.
You glow with magical radiation, making you easy to see and hit.
Foes you strike become dangerously contaminated with magical radiation.
You are incapable of wielding weapons or throwing items.
You have very sharp teeth.
Your uncanny sense of smell can sniff out nearby items.
Your experience applies equally to all skills.


Message History

The water moccasin bites you but does no damage.
You enter the shallow water.
Moving in this stuff is going to be slow.
You block the water moccasin's attack. Why would you want to do that?
Why would you want to do that?
The death yak is distracted by your dazzling golden aura.
The water moccasin is distracted by your dazzling golden aura.
The cane toad croaks.
The water moccasin hisses angrily.
You hear a bellow!
The death yak bellows!
The water moccasin is no longer distracted by gold.
The water moccasin barely misses you. The cane toad completely misses you.
You block the water moccasin's attack. The cane toad completely misses you.
The water moccasin closely misses you.
The death yak seems less drained.
You block the cane toad's attack. The water moccasin bites you!
The cane toad stings you!
The water moccasin bites you but does no damage.
There is a stone staircase leading up, spattered with blood here.
The cane toad stings you!
* * * LOW HITPOINT WARNING * * *
You are poisoned.
The cane toad poisons you!
The water moccasin bites you but does no damage.
You climb upwards.
You feel very sick.
There is a stone staircase leading down, spattered with blood here.
You can't do that in your present form.
Okay, then.
Okay, then.
As you read the scroll of teleportation, it crumbles to dust.
You feel strangely unstable.
You feel sick. You block the cane toad's attack.
The water moccasin bites you but does no damage.
The cane toad stings you!!
* * * LOW HITPOINT WARNING * * *
A river rat scurries out from under your cloak.
The water moccasin closely misses you.
* * * LOW HITPOINT WARNING * * *
You feel sick. You block the water moccasin's attack. The cane toad stings you!
You die...
Your body crumbles into a pile of gold.

##..............................
#....#.........................
###.##...........................
..##............................#
.....................P........###
......................#.......#
..............♣...♣..........##
.##..........♣Pr.P.♣........###
#####..........♣p♣............# #
# ##.........F>S...........####
######........P♣.♣P....##^##..#..
.#.##......P.♣....P♣...#..#......
..........PP..♣...♣...#..........
............P....................
.#............##...#.##.##.#.....
....#...#..##.##..#########...#..
###.#..##..###.#..# ##...#.##


You could see a cane toad (ally target), a water moccasin and a friendly river
rat.

Vanquished Creatures
  Kirke (Lair:4)
  Josephine (D:10)
  A centaur warrior (D:13)
  Erica (D:8)
  A boulder beetle (Lair:3)
  A two-headed ogre (D:10)
  3 death yaks
  A skyshark (Lair:3)
  A deep elf pyromancer (D:8)
  Pikel (D:8)
  7 elephants
  2 black mambas (Lair:3)
  A torpor snail (Lair:3)
  Psyche (D:8)
  11 cane toads
  A gargoyle (D:10)
  4 komodo dragons
  A polar bear (Lair:3)
  2 trolls (D:9)
  2 merfolk (Lair:3)
  10 blink frogs
  3 slime creatures (D:5)
  A shadow (D:12)
  4 wyverns
  62 yaks
  A vampire (D:10)
  3 basilisks
  5 wraiths
  4 hogs (Lair:4)
  3 vampire mosquitoes (D:12)
  9 water moccasins
  2 orc warriors
  An ice beast (D:6)
  2 ogres
  4 black bears
  4 wolves (Lair:4)
  A phantom (D:5)
  8 centaurs
  3 kobold brigands
  10 bullfrogs
  A scorpion (D:6)
  A gnoll sergeant (D:7)
  5 wights
  6 killer bees (D:9)
  2 howler monkeys
  2 electric eels (D:9)
  A nameless horror (Lair:3)
  8 jellies
  6 orc priests
  2 gnoll boudas
  5 hounds (D:6)
  3 iguanas
  2 orc wizards
  A sleepcap (D:4)
  Ijyb (D:4)
  11 gnolls
  6 adders
  4 shadow imps
  A worm (D:4)
  A dart slug (D:3)
  31 orcs
  6 endoplasms
  2 giant cockroaches
  8 goblins
  12 hobgoblins
  13 kobolds
  3 quokkas
  4 ball pythons
  5 bats
  2 frilled lizards (D:1)
  5 rats
344 creatures vanquished.

Vanquished Creatures (collateral kills)
  A minotaur (Lair:2)
  A hydra (Lair:3)
  2 death yaks (Lair:4)
  A merfolk siren (Lair:3)
  A black mamba (Lair:3)
  2 elephants (Lair:4)
  A cane toad (Lair:4)
  A rime drake (Lair:4)
  Jeremiah (D:9)
  A merfolk (Lair:3)
  5 blink frogs
  A wraith (D:10)
  7 yaks
  A hog (Lair:4)
  A vampire mosquito (D:12)
  2 nagas (Lair:3)
  2 water moccasins (Lair:3)
  A centaur (D:12)
  2 wights (D:8)
34 creatures vanquished.

Vanquished Creatures (others)
  A yak (Lair:4)
  A bullfrog (D:7)
2 creatures vanquished.

Grand Total: 380 creatures vanquished

Notes
Turn   | Place    | Note
-------+----------+-------------------------------------------
     0 | D:1      | croobank the Gnoll Shapeshifter began the quest for the
                  | Orb.
     0 | D:1      | Reached XP level 1. HP: 17/17 MP: 1/1
   110 | D:1      | Reached XP level 2. HP: 23/23 MP: 2/2
   486 | D:1      | Found Teq Imuwn's Distillery.
   626 | D:2      | Found an ancient bone altar of Kikubaaqudgha.
   711 | D:2      | Reached XP level 3. HP: 28/28 MP: 3/3
  1401 | D:3      | Reached skill level 1 in Invocations
  1602 | D:3      | Reached skill level 1 in Short Blades
  1602 | D:3      | Reached skill level 1 in Long Blades
  1602 | D:3      | Reached skill level 1 in Axes
  1602 | D:3      | Reached skill level 1 in Maces & Flails
  1602 | D:3      | Reached skill level 1 in Polearms
  1602 | D:3      | Reached skill level 1 in Staves
  1602 | D:3      | Reached skill level 1 in Ranged Weapons
  1602 | D:3      | Reached skill level 1 in Throwing
  1602 | D:3      | Reached skill level 1 in Armour
  1602 | D:3      | Reached skill level 1 in Stealth
  1602 | D:3      | Reached skill level 1 in Shields
  1602 | D:3      | Reached skill level 1 in Spellcasting
  1602 | D:3      | Reached skill level 1 in Evocations
  2262 | D:4      | Reached XP level 4. HP: 31/34 MP: 5/5
  2319 | D:4      | Reached skill level 1 in Conjurations
  2319 | D:4      | Reached skill level 1 in Hexes
  2319 | D:4      | Reached skill level 1 in Summonings
  2319 | D:4      | Reached skill level 1 in Necromancy
  2319 | D:4      | Reached skill level 1 in Translocations
  2319 | D:4      | Reached skill level 1 in Transmutations
  2319 | D:4      | Reached skill level 1 in Fire Magic
  2319 | D:4      | Reached skill level 1 in Ice Magic
  2319 | D:4      | Reached skill level 1 in Air Magic
  2319 | D:4      | Reached skill level 1 in Earth Magic
  2319 | D:4      | Reached skill level 1 in Poison Magic
  2357 | D:4      | HP: 1/34 [iguana (13)]
  2360 | D:4      | Reached XP level 5. HP: 2/40 MP: 7/7
  2669 | D:4      | Found an opulent altar of Gozag.
  2714 | D:4      | Became a worshipper of Gozag Ym Sagoz the Greedy
  2760 | D:4      | Identified the +11 rapier "Cusalosch" {pain, *Corrode rPois
                  | rN+++ Stlth-}
  3193 | D:4      | Found a glowing silver altar of Zin.
  3216 | D:4      | Found a basalt altar of Yredelemnul.
  3230 | D:4      | Noticed Ijyb
  3235 | D:4      | Killed Ijyb
  3289 | D:4      | Learned a level 1 spell: Slow
  3293 | D:4      | Learned a level 3 spell: Confusing Touch
  3297 | D:4      | Learned a level 3 spell: Ozocubu's Armour
  3460 | D:4      | Found an iron altar of Okawaru.
  3468 | D:4      | Reached skill level 5 in Fighting
  3468 | D:4      | Reached skill level 8 in Unarmed Combat
  3468 | D:4      | Reached skill level 5 in Invocations
  3468 | D:4      | Reached XP level 6. HP: 51/51 MP: 12/12
  3579 | D:1      | Bought a potion of resistance for 110 gold pieces
  3579 | D:1      | Bought a potion of heal wounds for 55 gold pieces
  3579 | D:1      | Bought a potion of curing for 33 gold pieces
  3579 | D:1      | Bought a potion of curing for 33 gold pieces
  3579 | D:1      | Bought a potion of curing for 33 gold pieces
  3579 | D:1      | Bought a potion of brilliance for 44 gold pieces
  3662 | D:5      | Entered Level 5 of the Dungeon
  3675 | D:5      | Reached XP level 7. HP: 56/56 MP: 14/14
  3689 | D:5      | Found a blossoming altar of Fedhas.
  3944 | D:5      | Found a white marble altar of Elyvilon.
  4537 | D:5      | Noticed a slime creature
  4554 | D:5      | Killed a slime creature
  4555 | D:5      | Reached XP level 8. HP: 43/63 MP: 15/15
  4771 | D:5      | Found a radiant altar of Vehumet.
  4771 | D:5      | Found an opulent altar of Gozag.
  4771 | D:5      | Found a hazy altar of Hepliaklqana.
  4771 | D:5      | Found a shimmering altar of Xom.
  4771 | D:5      | Found an opulent altar of Gozag.
  4771 | D:5      | Found a sacrificial altar of Ru.
  4771 | D:5      | Noticed a slime creature
  4771 | D:5      | Noticed a slime creature
  4937 | D:5      | Reached skill level 5 in Short Blades
  4937 | D:5      | Reached skill level 5 in Long Blades
  4937 | D:5      | Reached skill level 5 in Axes
  4937 | D:5      | Reached skill level 5 in Maces & Flails
  4937 | D:5      | Reached skill level 5 in Polearms
  4937 | D:5      | Reached skill level 5 in Staves
  4937 | D:5      | Reached skill level 5 in Ranged Weapons
  4937 | D:5      | Reached skill level 5 in Throwing
  4937 | D:5      | Reached skill level 5 in Armour
  4937 | D:5      | Reached skill level 5 in Stealth
  4937 | D:5      | Reached skill level 5 in Shields
  4937 | D:5      | Reached skill level 5 in Spellcasting
  4937 | D:5      | Reached skill level 5 in Evocations
  5075 | D:5      | HP: 3/64 [slime creature (10)]
  5076 | D:5      | Killed a slime creature
  5322 | D:5      | Killed a slime creature
  5947 | D:5      | Found a hide-covered altar of Uskayaw.
  6418 | D:6      | Reached XP level 9. HP: 59/69 MP: 16/16
  7317 | D:6      | Found a runed translucent gate.
  7318 | D:6      | Found a runed translucent gate.
  7318 | D:6      | Found a runed translucent gate.
  7319 | D:6      | Noticed ytrimaz's ghost (novice OpSh)
  7319 | D:6      | Noticed Sundig's ghost (novice VSFi)
  7319 | D:6      | Noticed wireframewife's ghost (novice GnWr)
  7319 | D:6      | Noticed GreenGuy14's ghost (novice DrEE)
  7319 | D:6      | Noticed Sirjeffry24's ghost (novice DrSh)
  7329 | D:6      | Found the +2 ratskin cloak {*Rats rPois rN+ Str-1 Int-1
                  | Dex+1}
  7551 | D:6      | Learned a level 3 spell: Frozen Ramparts
  9216 | D:7      | Found a staircase to the Ecumenical Temple.
  9394 | D:8      | Noticed Pikel
  9403 | D:8      | Killed Pikel
  9404 | D:8      | Reached XP level 10. HP: 77/77 MP: 18/18
  9572 | D:8      | Noticed a deep elf pyromancer
  9580 | D:8      | Killed a deep elf pyromancer
 10109 | D:8      | Noticed Erica
 10129 | D:8      | Killed Erica
 10130 | D:8      | Reached skill level 9 in Unarmed Combat
 10130 | D:8      | Reached skill level 5 in Conjurations
 10130 | D:8      | Reached skill level 5 in Hexes
 10130 | D:8      | Reached skill level 5 in Summonings
 10130 | D:8      | Reached skill level 5 in Necromancy
 10130 | D:8      | Reached skill level 5 in Translocations
 10130 | D:8      | Reached skill level 5 in Transmutations
 10130 | D:8      | Reached skill level 5 in Fire Magic
 10130 | D:8      | Reached skill level 5 in Ice Magic
 10130 | D:8      | Reached skill level 5 in Air Magic
 10130 | D:8      | Reached skill level 5 in Earth Magic
 10130 | D:8      | Reached skill level 5 in Poison Magic
 10590 | D:8      | Noticed Psyche
 10606 | D:8      | Killed Psyche
 11256 | D:9      | Identified the amulet of Pustroiji {Reflect rN+ Dex+3 SH+5}
 11369 | D:9      | Found a staircase to the Orcish Mines.
 11388 | D:9      | Found a shadowy altar of Dithmenos.
 11437 | D:9      | Noticed Jeremiah
 11448 | D:9      | Killed Jeremiah
 11823 | D:9      | Reached XP level 11. HP: 63/83 MP: 20/20
 12096 | D:10     | Entered Level 10 of the Dungeon
 12173 | D:10     | Noticed a death yak
 12174 | D:10     | Found a staircase to the Lair.
 12543 | D:10     | Killed a death yak
 12819 | D:10     | Noticed Josephine
 12833 | D:10     | Killed Josephine
 13523 | D:10     | Noticed a two-headed ogre
 13539 | D:10     | Killed a two-headed ogre
 14962 | D:11     | Reached XP level 12. HP: 92/92 MP: 18/22
 15925 | D:12     | Reached skill level 10 in Unarmed Combat
 16517 | D:12     | Identified the +6 plate armour "Hinenk" {rPois rF+ Int-4}
 16959 | D:13     | Noticed an ice dragon
 16959 | D:13     | Noticed a centaur warrior
 16972 | D:13     | Killed a centaur warrior
 17018 | D:13     | Noticed a boulder beetle
 17079 | D:14     | Identified the "Viybrir"
 17079 | Lair:1   | Entered Level 1 of the Lair of Beasts
 18298 | Lair:1   | Found a runed translucent gate.
 18298 | Lair:1   | Found a runed translucent gate.
 18298 | Lair:1   | Found a runed translucent gate.
 18299 | Lair:1   | Noticed a great orb of eyes
 18301 | Lair:1   | Noticed gebbletook2's ghost (journeyman OpSh)
 18645 | Lair:1   | Found a viscous altar of Jiyva.
 19526 | Lair:2   | Found a runed translucent door.
 19606 | Lair:2   | Reached skill level 10 in Shapeshifting
 19717 | Lair:2   | Reached XP level 13. HP: 99/99 MP: 17/25
 20925 | Lair:2   | Learned a level 4 spell: Summon Lightning Spire
 20930 | Lair:2   | Learned a level 4 spell: Summon Ice Beast
 20935 | Lair:2   | Learned a level 4 spell: Airstrike
 21073 | Lair:2   | Noticed a minotaur
 21092 | Lair:2   | Killed a minotaur
 21299 | Lair:2   | Identified the +6 hand axe of Extremism {freeze, rC+ rCorr
                  | Int-4 Dex+3}
 21511 | Lair:3   | Found a staircase to the Snake Pit.
 22935 | Lair:3   | Found a staircase to the Shoals.
 22945 | Lair:3   | HP: 3/101 [merfolk/+0 trident (5)]
 22955 | Lair:3   | HP: 5/101 [merfolk/+0 trident (9)]
 23148 | Lair:3   | Reached skill level 10 in Dodging
 23148 | Lair:3   | Reached skill level 11 in Unarmed Combat
 24449 | Lair:4   | Noticed Kirke
 24455 | Lair:4   | Noticed an ice dragon
 24511 | Lair:3   | Reached XP level 14. HP: 44/108 MP: 24/27
 25133 | Lair:4   | Reached skill level 10 in Invocations
 25478 | Lair:4   | Noticed a sphinx
 25483 | Lair:4   | Killed Kirke
 25776 | Lair:3   | Slain by a cane toad

Illustrated notes

Levels and vault maps discovered:
D:1:      tarquinn_simple_flora_water_f, layout_loops_ring, serial_shops,
          shop_fountains
D:2:      layout_loops_ring, serial_rivers, chequers_serial_rivers_room_a,
          chequers_serial_rivers_room_b, chequers_serial_rivers_micro_e,
          chequers_serial_rivers_small_3, basic_altar
D:3:      layout_basic, dk_noncrumbling_3
D:4:      layout_basic, yredelemnul_altar_generic, okawaru_altar_gauntlet_db,
          grunt_gozag_breadcrumbs, mainiacjoe_overflow_six_doors_small,
          uniq_ijyb
D:5:      cheibrodos_fertilizer, layout_basic, lemuel_coloured_pillars_altar,
          mainiacjoe_overflow_large_starburst
D:6:      layout_rooms, gammafunk_ghost_cemetery
D:7:      layout_cave_pools, minmay_temple_entry_glass
D:8:      layout_loops_corners, uniq_erica, uniq_psyche, uniq_pikel
D:9:      statuecave_lemuel, layout_gridville, nicolae_dithmenos_shadow_blocks,
          orc_0_dummy, kennysheep_generic_room_15, uniq_jeremiah
D:10:     layout_irregular_city, david_lair_generic, uniq_josephine
D:11:     layout_loops_corners
D:12:     layout_grid_maze
D:13:     layout_stronghold, david_vaults_5, gammafunk_ghost_icy, uniq_azrael
Lair:1:   layout_long_grid, gammafunk_ghost_ooze
Lair:2:   dreamdust_labyrinth, layout_concentric_octagons, serial_bayou_shore_b
Lair:3:   layout_layer_cave, elwin_shoals_entry_stream,
          guppyfry_snake_entry_garden, st_stairs_3, grunt_forest_stairs_basic
Lair:4:   dreamdust_isle_of_ice, layout_regular_city,
          pdpol_lair_cabin_in_the_woods, infiniplex_staircase_pool_2, uniq_kirke

Skill      XL: |  1  2  3  4  5  6  7  8  9 10 11 12 13 14 |
---------------+-------------------------------------------+-----
Invocations    | 1 5 6 7 9 10 | 10.1
Short Blades   | 1 4 5 6 7 8 9 |  9.3
Long Blades    | 1 4 5 6 7 8 9 |  9.3
Axes           | 1 4 5 6 7 8 9 |  9.3
Maces & Flails | 1 4 5 6 7 8 9 |  9.3
Polearms       | 1 4 5 6 7 8 9 |  9.3
Staves         | 1 4 5 6 7 8 9 |  9.3
Ranged Weapons | 1 4 5 6 7 8 9 |  9.3
Throwing       | 1 4 5 6 7 8 9 |  9.3
Armour         | 1 4 5 6 7 8 9 |  9.3
Stealth        | 1 4 5 6 7 8 9 |  9.3
Shields        | 1 4 5 6 7 8 9 |  9.3
Spellcasting   | 1 4 5 6 7 8 9 |  9.3
Evocations     | 1 4 5 6 7 8 9 |  9.3
Conjurations   | 1 3 4 5 6 7 |  7.7
Hexes          | 1 3 4 5 6 7 |  7.7
Summonings     | 1 3 4 5 6 7 |  7.7
Necromancy     | 1 3 4 5 6 7 |  7.7
Translocations | 1 3 4 5 6 7 |  7.7
Transmutations | 1 3 4 5 6 7 |  7.7
Fire Magic     | 1 3 4 5 6 7 |  7.7
Ice Magic      | 1 3 4 5 6 7 |  7.7
Air Magic      | 1 3 4 5 6 7 |  7.7
Earth Magic    | 1 3 4 5 6 7 |  7.7
Poison Magic   | 1 3 4 5 6 7 |  7.7
Fighting       | 5 6 7 8 9 |  9.7
Dodging        | 6 7 8 9 10 | 10.4
Unarmed Combat | 8 9 10 11 | 11.3
Shapeshifting  | 7 8 9 10 | 10.7

Action                     |  1- 3 |  4- 6 |  7- 9 | 10-12 | 13-15 || total
---------------------------+-------+-------+-------+-------+-------++-------
  Melee: Unarmed           |    77 |    71 |   338 |   712 |   341 ||  1539
         Bite              |     5 |     5 |    48 |   148 |    67 ||   273
         Punch             |     3 |     1 |    31 |       |       ||    35
   Cast: Confusing Touch   |       |       |    63 |    91 |     8 ||   162
         Slow              |       |       |    46 |    81 |    29 ||   156
         Ozocubu's Armour  |       |       |       |    11 |     9 ||    20
         Frozen Ramparts   |       |       |       |    12 |    10 ||    22
         Summon Lightning  |       |       |       |       |    34 ||    34
         Summon Ice Beast  |       |       |       |       |    17 ||    17
         Airstrike         |       |       |       |       |     1 ||     1
Ability: Begin Untransform |       |       |     1 |       |       ||     1
  Evoke: Wand              |       |     2 |     2 |     3 |     3 ||    10
    Use: Scroll            |     5 |     4 |     8 |     9 |     8 ||    34
         Potion            |       |     2 |     3 |     1 |     9 ||    15
   Stab: Sleeping          |     4 |     1 |     3 |       |       ||     8
         Confused          |       |       |    37 |    53 |     2 ||    92
         Distracted        |       |       |       |     1 |     6 ||     7
 Armour: Animal skin       |    28 |    20 |       |       |       ||    48
         Leather armour    |       |    10 |   144 |   347 |   209 ||   710
  Dodge: Dodged            |    48 |    24 |   179 |   437 |   234 ||   922
  Block: Other             |       |       |       |   111 |    82 ||   193
         Reflection        |       |       |       |     2 |     1 ||     3
   Form: Beast             |     1 |       |       |       |       ||     1
         Flux              |       |       |     1 |       |       ||     1

Table legend: (Time is in decaauts)
 A = Elapsed time spent in this place.
 B = Non-inter-level travel time spent in this place.
 C = Inter-level travel time spent in this place.
 D = Time resting spent in this place.
 E = Time spent auto-exploring this place.
 F = Levels seen in this place.
 G = Mean time per level.
                   A        B        C        D        E       F      G
               +--------+--------+--------+--------+--------+-----+--------+
         Total |  25580 |  24767 |    813 |   8035 |  12125 |  17 | 1504.7 |
       Dungeon |  17543 |  17012 |    531 |   5129 |   8921 |  13 | 1349.5 |
          Lair |   8037 |   7756 |    281 |   2905 |   3204 |   4 | 2009.2 |
               +--------+--------+--------+--------+--------+-----+--------+

Top non-repeatable levels by time:
  Lair:3: 3532 daAuts
     D:5: 3059 daAuts
    D:10: 2472 daAuts
  Lair:2: 2302 daAuts
    D:12: 1715 daAuts
     D:8: 1608 daAuts
     D:6: 1551 daAuts
  Lair:1: 1508 daAuts
     D:4: 1500 daAuts
    D:11: 1192 daAuts
     D:9: 1140 daAuts
     D:7: 1074 daAuts
     D:2: 784 daAuts
     D:3: 726 daAuts
  Lair:4: 693 daAuts
